 Dungeon Crawl Stone Soup version 0.19-a0-1007-g133f65f (console) character file.

112 brucemayne the Chopper (level 4, 0/34 HPs)
             Began as a Vampire Berserker on July 21, 2016.
             Was a Believer of Trog.
             Hit by a tomahawk thrown by an orc (4 damage)
             ... on level 3 of the Dungeon.
             The game lasted 00:03:19 (757 turns).

brucemayne the Chopper (Vampire Berserker)           Turns: 757, Time: 00:03:19

Health: 0/34       AC:  3    Str: 17    XL:     4   Next: 64%
Magic:  4/4        EV: 12    Int:  9    God:    Trog [**....]
Gold:   76         SH:  0    Dex: 13    Spells: 0 memorised, 3 levels left

rFire  . . .     SeeInvis +     a - +0 hand axe
rCold  . . .     Gourm    .     b - +0 animal skin
rNeg   + . .     Faith    .     (no shield)
rPois  .         Spirit   .     (no helmet)
rElec  .         Dismiss  .     (no cloak)
rCorr  +         Reflect  .     (no gloves)
SustAt .         Harm     .     e - +0 pair of boots
MR     .....                    (no amulet)
Stlth  +.........               (no ring)
                                k - ring of resist corrosion

@: exhausted, slowed, very slow, not resistant to hostile enchantments, very
unstealthy
A: fangs 3, see invisible, unbreathing
a: Bat Form, Berserk, Trog's Hand, Burn Spellbooks, Renounce Religion


You were on level 3 of the Dungeon.
You worshipped Trog.
Trog was pleased with you.
You were not thirsty.

You visited 1 branch of the dungeon, and saw 3 of its levels.

You collected 76 gold pieces.

Inventory:

Hand Weapons
 a - a +0 hand axe (weapon)
 h - a +0 war axe
Armour
 b - a +0 animal skin (worn)
 e - a +0 pair of boots (worn)
Jewellery
 k - a ring of resist corrosion (left hand)
Scrolls
 d - a scroll of immolation {unknown}
 f - 2 scrolls of teleportation {unknown}
 g - a scroll of remove curse {unknown}
 l - 3 scrolls of noise {unknown}
Potions
 c - 3 potions of blood
 i - 2 potions of might {unknown}
 j - a potion of lignification {unknown}
 m - 2 potions of curing
 n - a potion of agility {unknown}
 o - a potion of mutation {unknown}


   Skills:
 - Level 2.6 Fighting
 + Level 5.0 Axes
 - Level 1.5 Armour
 - Level 2.1 Dodging


You had 3 spell levels left.
You didn't know any spells.

Dungeon Overview and Level Annotations

Branches:
Dungeon (3/15)

Altars:
Ru


Innate Abilities, Weirdness & Mutations

You have razor-sharp teeth.
You have supernaturally acute eyesight. (SInv)
You can survive without breathing.


Message History

* * * LOW HITPOINT WARNING * * *
You slash the orc wizard!
You kill the orc wizard!
Trog accepts your kill.
Trog appreciates your killing of a magic user.
Your Axes skill increases to level 5!
You hit the orc.
The orc wizard mumbles some strange words.
The orc wizard blinks!
The orc hits you with a hand axe.
* * * LOW HITPOINT WARNING * * *
The orc wizard gestures wildly while chanting.
The orc wizard blinks!
You see here a rat corpse.
Unknown command.
You feel a strong urge to attack something.
You are no longer berserk.
You are exhausted.
You feel as though you will be slow longer.
The orc throws a tomahawk.
The tomahawk hits you.
You die...

.......
.......
.......
.o.....
###.......
#........#
#........#
##.)......#
#@†o)...o..
#)####.....
#.# ....
#.. ... ###
.. .


You could see 2 orc wizards and an orc.

Vanquished Creatures
  An orc wizard (D:3)
  6 adders (D:2)
  A worm (D:2)
  A giant gecko (D:1)
  3 orcs (D:3)
  3 bats (D:2)
  A giant cockroach (D:2)
  A hobgoblin (D:2)
  A jackal (D:2)
  2 kobolds (D:2)
  2 giant newts (D:2)
  A goblin (D:2)
  6 rats
29 creatures vanquished.

Notes
Turn   | Place    | Note
-------+----------+-------------------------------------------
     0 | D:1      | brucemayne the Vampire Berserker began the quest for the Orb.
     0 | D:1      | Reached XP level 1. HP: 17/17 MP: 1/1
   119 | D:2      | Reached skill level 3 in Axes
   119 | D:2      | Reached XP level 2. HP: 21/23 MP: 2/2
   237 | D:2      | Reached XP level 3. HP: 28/28 MP: 3/3
   284 | D:2      | Reached skill level 4 in Axes
   524 | D:2      | Found a sacrificial altar of Ru.
   670 | D:2      | Reached XP level 4. HP: 14/34 MP: 4/4
   717 | D:2      | Found a faded altar of an unknown god.
   750 | D:3      | Reached ** piety under Trog
   755 | D:3      | Reached skill level 5 in Axes
   757 | D:3      | Hit by a tomahawk thrown by an orc

Vault maps used:
D:1:      lemuel_arrival_room
D:2:      first_bread, ecumenical_altar_2, minmay_liquid_box, grunt_decor_cap,
          nicolae_ru_great_annihilating_truth
D:3:      uniq_natasha

Skill      XL: |  1  2  3  4 |
---------------+-------------+-----
Axes           | 3 4 5 |  5.0
Fighting       | |  2.6
Armour         | |  1.5
Dodging        | |  2.1

Action                   |  1- 3 |  4- 6 || total
-------------------------+-------+-------++-------
Melee: Hand axe          |    66 |     9 ||    75
       Bite              |     7 |     2 ||     9
Invok: Berserk           |     6 |     1 ||     7
 Abil: End Transformatio |     1 |       ||     1
       Bat Form          |     1 |       ||     1
  Use: Potion            |     8 |     1 ||     9
 Stab: Invisible         |     3 |       ||     3
       Distracted        |     1 |       ||     1
Armor: Animal skin       |    24 |     2 ||    26
Dodge: Dodged            |    53 |     8 ||    61
